 Dungeon Crawl Stone Soup version 0.31.0-12-g77e489cdc1 (webtiles) character file.

Game seed: 2080984170547817678

14200 Silvore the Severer (level 11, -5/101 HPs)
             Began as a Minotaur Fighter on Feb 22, 2024.
             Was the Champion of Okawaru.
             Collided with a rock wall (15 damage)
             ... after being knocked back by a rakshasa
             ... on level 13 of the Dungeon.
             The game lasted 00:13:42 (12786 turns).

Silvore the Severer (Minotaur Fighter)             Turns: 12786, Time: 00:13:42

Health: -5/101     AC: 15    Str: 26    XL:     11   Next: 85%
Magic:  19/19      EV: 11    Int:  5    God:    Okawaru [******]
Gold:   961        SH:  0    Dex:  9    Spells: 10/10 levels left

rFire   . . .        c - +3 executioner's axe (flame)
rCold   . . .        (shield currently unavailable)
rNeg    + . .        F - +5 scale mail "Neyssulehe" {rElec rN+ Slay+4}
rPois   .            (helmet restricted)
rElec   +            (no cloak)
rCorr   .            e - +0 pair of gloves
SInv    .            (no boots)
Will    .....        j - amulet of faith Stlth
                     d - ring of magical power
HPRegen 0.36/turn    (no ring)
MPRegen 0.16/turn

%: faith
@: spiked
A: horns 2, retaliatory headbutt
a: Renounce Religion, Heroism, Finesse, Duel


You were on level 13 of the Dungeon.
You worshipped Okawaru.
Okawaru was exalted by your worship.
You visited 2 branches of the dungeon, and saw 14 of its levels.
You visited the Abyss 1 time.
You also visited: Sewer.

You collected 961 gold pieces.

Inventory:

Hand Weapons
 a - a +1 war axe of electrocution
 c - a +3 executioner's axe of flaming (weapon)
Armour
 b - a +0 scale mail
 e - a +0 pair of gloves (worn)
 g - a +3 plate armour
 i - a +0 chain mail
 F - the +5 scale mail "Neyssulehe" (worn) {rElec rN+ Slay+4}
   (Okawaru gifted it to you on level 12 of the Dungeon)

   Slay+4:    It affects your accuracy & damage with ranged weapons and melee
   (+4).
   rElec:     It insulates you from electricity.
   rN+:       It protects you from negative energy.
Jewellery
 d - a ring of magical power (left hand)
 j - an amulet of faith (around neck)
 q - an amulet of the acrobat
Wands
 p - a wand of flame (40)
 v - a wand of mindburst (21)
 w - a wand of roots (14)
 B - a wand of paralysis (3)
Scrolls
 f - a scroll of amnesia
 h - 8 scrolls of teleportation
 l - a scroll of poison
 m - 3 scrolls of summoning
 r - a scroll of vulnerability
 t - a scroll of revelation
 u - a scroll of fog
 A - 3 scrolls of noise
Potions
 k - 2 potions of magic
 n - a potion of cancellation
 o - 4 potions of curing
 s - a potion of resistance
 x - 2 potions of enlightenment
 z - a potion of ambrosia
 C - a potion of brilliance
 D - a potion of might
 E - a potion of mutation {unknown}


   Skills:
 + Level 10.4 Fighting
 + Level 15.5 Axes
 + Level 12.3 Armour
 + Level 2.3 Dodging
 + Level 1.7 Stealth
 + Level 7.4 Shields


You had 10 spell levels left.
You didn't know any spells.
Your spell library contained the following spells:

 Spells                   Type           Power      Damage    Failure   Level
 Apportation              Tloc           0%         N/A       71%         1
 Foxfire                  Conj/Fire      0%         2x1d4     71%         1
 Necrotise                Necr           0%         1d4       71%         1
 Sting                    Conj/Alch      0%         1d3       71%         1
 Ensorcelled Hibernation  Hex/Ice        0%         N/A       83%         2
 Fugue of the Fallen      Necr           0%         N/A       97%         3
 Sigil of Binding         Hex            0%         N/A       97%         3
 Anguish                  Hex/Necr       0%         N/A       100%        4
 Dimensional Bullseye     Hex/Tloc       0%         N/A       100%        4
 Plasma Beam              Fire/Air       0%         2x1d10    100%        6
 Starburst                Conj/Fire      0%         6d3       100%        6
 Summon Small Mammal      Summ           Unusable   N/A       N/A         1
 Call Canine Familiar     Summ           Unusable   N/A       N/A         3

Dungeon Overview and Level Annotations

Branches:
Dungeon (13/15)            Temple (1/1) D:5            Lair (0/5) D:9
    Orc (0/2) D:9           Sewer (visited)
 Vaults: D:13-14

Altars:
Ashenzari
Cheibriados
Dithmenos
Elyvilon
Fedhas
Gozag
Hepliaklqana
Kikubaaqudgha
Makhleb
Nemelex Xobeh
Okawaru
Qazlal
Ru
Sif Muna
Trog
Uskayaw
Vehumet
Wu Jian
Xom
Yredelemnul
Zin
The Shining One

Shops:
D:3 (   D:5 *   D:8 :   D:9 [   D:10 !

Annotations:
D:8 2 transporters, mudtoeberg's ghost, novice TrSh


Innate Abilities, Weirdness & Mutations

You have a pair of horns on your head.
You reflexively headbutt those who attack you in melee.


Message History

The manticore flicks its tail.
The volley of spikes skewers you.
The barbed spikes become lodged in your body.
The rakshasa gestures at you. The lance of force hits you!
You are knocked back by the lance of force.
You slam into the rock wall!
There is a stone staircase leading up, spattered with blood here.
The barbed spikes dig painfully into your body as you move.
You slice the rakshasa!! You burn the rakshasa.
The rakshasa is heavily wounded.
The injured rakshasa weaves a defensive illusion!
The rakshasa misses you. You furiously retaliate!
You headbutt the rakshasa! You slice the rakshasa!! You burn the rakshasa.
You kill the rakshasa!
The rakshasa shimmers and vanishes!
You slash the rakshasa! You burn the rakshasa. You slash the manticore!
You burn the manticore. The manticore bites you! The manticore misses you.
The manticore closely misses you. The rakshasa closely misses you.
You closely miss the rakshasa. Your headbutt misses the rakshasa.
The rakshasa is heavily wounded.
You slice the manticore!! You burn the manticore! You barely miss the rakshasa.
The manticore bites you! The manticore closely misses you.
The manticore barely misses you.
The rakshasa hits you with a +0 great sword!
The rakshasa gestures at you. The lance of force hits you!
You are knocked back by the lance of force.
You slam into the rock wall!
The manticore flicks its tail.
The volley of spikes skewers you.
The barbed spikes become lodged in your body.
* * * LOW HITPOINT WARNING * * *
Okay, then.
The rakshasa gestures at you. The lance of force hits you!!
* * * LOW HITPOINT WARNING * * *
You are knocked back by the lance of force.
You slam into the rock wall!
You die...

############## .......
#....@........ .......
#............. .......#
#...HRR....... .......#
#............. .......#
#.............
.......#####.............
...................^....>
.........................
.......)#########.....>..


You could see 2 rakshasas and a manticore.

Vanquished Creatures
  3 two-headed ogres
  2 slime creatures (D:12)
  A deep elf pyromancer (D:12)
  An ugly thing (D:11)
  2 manticores (D:12)
  Maggie (D:9)
  2 unseen horrors
  Psyche (D:12)
  A komodo dragon (D:10)
  2 trolls
  A hornet (D:11)
  13 yaks (D:10)
  4 shadows
  3 wyverns (D:9)
  Grum (D:10)
  A wraith (D:10)
  3 vampire mosquitoes (D:12)
  A steam dragon (D:9)
  A water moccasin (D:8)
  2 ice beasts
  8 orc warriors
  4 wolves (D:10)
  An ogre (D:4)
  6 centaurs
  2 kobold brigands
  2 brain worms (Sewer)
  4 bullfrogs
  2 scorpions (D:5)
  12 wights
  9 killer bees
  3 howler monkeys
  A jelly (D:4)
  7 orc priests
  2 hounds (D:5)
  3 iguanas (D:6)
  2 sleepcaps (D:6)
  6 orc wizards
  12 adders
  6 gnolls
  A river rat (Sewer)
  A white imp (D:5)
  4 ufetubi
  3 ribbon worms
  5 dart slugs
  38 orcs
  3 bats
  4 endoplasms
  2 giant cockroaches (D:5)
  3 goblins
  7 hobgoblins
  6 jackals (D:4)
  10 kobolds
  A quokka (D:5)
  12 ball pythons
  9 frilled lizards
  14 rats
261 creatures vanquished.

Notes
Turn   | Place    | Note
-------+----------+-------------------------------------------
     0 | D:1      | Silvore the Minotaur Fighter began the quest for the Orb.
     0 | D:1      | Reached XP level 1. HP: 19/19 MP: 0/0
   636 | D:1      | Reached XP level 2. HP: 27/27 MP: 1/1
  1227 | D:2      | Reached XP level 3. HP: 31/33 MP: 2/2
  1238 | D:2      | Reached skill level 3 in Axes
  2000 | D:3      | Reached XP level 4. HP: 39/40 MP: 3/3
  2068 | D:3      | Found Imiesy's Antique Weapon Shoppe.
  2633 | D:4      | Reached skill level 4 in Axes
  2633 | D:4      | Reached XP level 5. HP: 31/46 MP: 4/4
  2695 | D:4      | Noticed an ogre
  2706 | D:4      | Killed an ogre
  2707 | D:4      | Reached skill level 5 in Armour
  2952 | D:4      | Reached skill level 5 in Axes
  3061 | D:4      | Reached XP level 6. HP: 36/53 MP: 5/5
  3683 | D:5      | Entered Level 5 of the Dungeon
  3683 | D:5      | Found Temiuj Vata's Assorted Antiques.
  3791 | D:5      | Reached skill level 1 in Dodging
  3798 | D:5      | Reached skill level 6 in Axes
  3849 | D:5      | Reached XP level 7. HP: 21/60 MP: 6/6
  3862 | D:5      | Found a staircase to the Ecumenical Temple.
  3869 | Temple   | Entered the Ecumenical Temple
  3883 | Temple   | Became a worshipper of Warmaster Okawaru
  4047 | D:5      | Found a glowing drain.
  4056 | Sewer    | Entered a sewer
  4133 | Sewer    | Reached skill level 5 in Fighting
  4133 | Sewer    | Reached skill level 7 in Axes
  4218 | Sewer    | Reached skill level 5 in Shields
  4264 | Sewer    | Reached * piety under Okawaru
  4833 | D:5      | Reached skill level 8 in Axes
  4833 | D:5      | Reached XP level 8. HP: 68/68 MP: 7/7
  5085 | D:6      | Reached skill level 9 in Axes
  5087 | D:6      | Reached ** piety under Okawaru
  5741 | D:7      | Found a stormy altar of Qazlal.
  6418 | D:8      | Reached skill level 10 in Axes
  6432 | D:8      | Noticed a two-headed ogre
  6435 | D:8      | Killed a two-headed ogre
  6435 | D:8      | Reached *** piety under Okawaru
  6436 | D:8      | Reached XP level 9. HP: 78/78 MP: 8/8
  6624 | D:8      | Reached skill level 11 in Axes
  6864 | D:8      | Found a transporter.
  6868 | D:8      | Reached **** piety under Okawaru
  6877 | D:8      | Noticed mudtoeberg's ghost (novice TrSh)
  6929 | D:8      | Reached skill level 1 in Stealth
  6930 | D:8      | Found Acojui's Book Shop.
  7081 | D:8      | Found a transporter.
  7410 | D:9      | Reached skill level 12 in Axes
  7425 | D:9      | Found a staircase to the Orcish Mines.
  7425 | D:9      | Paralysed by an orc warrior for 2 turns
  7449 | D:9      | Found Otiej's Armour Emporium.
  7554 | D:9      | Reached XP level 10. HP: 35/86 MP: 9/9
  7582 | D:9      | Noticed Maggie
  7594 | D:9      | Killed Maggie
  7594 | D:9      | Reached ***** piety under Okawaru
  8014 | D:9      | Found a staircase to the Lair.
  8291 | D:9      | Reached skill level 13 in Axes
  8482 | D:10     | Entered Level 10 of the Dungeon
  8517 | D:10     | Found an opulent altar of Gozag.
  8517 | D:10     | Found a white marble altar of Elyvilon.
  8534 | D:10     | Received a gift from Okawaru
  8535 | D:10     | Reached skill level 10 in Armour
  8947 | D:10     | Received a gift from Okawaru
  9141 | D:10     | Reached XP level 11. HP: 97/97 MP: 10/10
  9201 | D:10     | Reached skill level 14 in Axes
  9423 | D:10     | Noticed Grum
  9459 | D:10     | Killed Grum
  9650 | D:10     | Found Egyutani's Distillery.
  9809 | D:11     | Noticed a white ugly thing
  9819 | D:11     | Killed a white ugly thing
 10171 | D:11     | Noticed a two-headed ogre
 10178 | D:11     | Killed a two-headed ogre
 10178 | D:11     | Received a gift from Okawaru
 11307 | D:12     | Reached skill level 10 in Fighting
 11548 | D:12     | Noticed a two-headed ogre
 11558 | D:12     | Killed a two-headed ogre
 11559 | D:12     | Reached skill level 15 in Axes
 11815 | D:12     | Noticed a deep elf pyromancer
 11819 | D:12     | Killed a deep elf pyromancer
 11819 | D:12     | Reached ****** piety under Okawaru
 11820 | D:12     | Acquired a +3 executioner's axe of electrocution
 11820 | D:12     | Received a gift from Okawaru
 11828 | D:12     | Acquired the +5 scale mail "Neyssulehe" {rElec rN+ Slay+4}
 11828 | D:12     | Received a gift from Okawaru
 12073 | D:12     | Received a gift from Okawaru
 12226 | D:12     | Noticed Psyche
 12228 | Abyss:1  | Cast into level 1 of the Abyss (Psyche)
 12254 | D:12     | Escaped the Abyss
 12255 | D:12     | Killed Psyche
 12574 | D:13     | Noticed a rakshasa
 12786 | D:13     | Collided with a rock wall

Illustrated notes

Levels and vault maps discovered:
D:1:      dpeg_arrival_central, layout_loops_corners, kennysheep_minor_cross,
          nicolae_wormholes
D:2:      cheibrodos_helix_gallery, layout_loops_corners
D:3:      layout_rooms, serial_shops, shop
D:4:      layout_basic
D:5:      layout_basic, minmay_temple_entry_hall, gup_sewer_entry_bubbles,
          serial_shops, nicolae_shop_hallway_stairs, corner_web_ring,
          minmay_misc_feat_tower, chequers_serial_rivers_marsh
D:6:      layout_cave_pools
D:7:      layout_cave_pools, mainiacjoe_overflow_alcove_2
D:8:      cheibrodos_elevator_heist, layout_gridville,
          gammafunk_ghost_stat_death, serial_shops,
          nicolae_shop_tiny_statue_garden
D:9:      nicolae_cairo_tiling_very_big, layout_rooms, lair_entry_dummy,
          orc_david_3, uniq_maggie
D:10:     layout_basic, jmf_multi_god_temple, serial_shops, shop, uniq_grum
D:11:     layout_layer_cave
D:12:     layout_basic, uniq_psyche
D:13:     layout_small_grid, ebering_ghost_inner_flame, nicolae_barding_shop,
          uniq_jorgrun
Temple:   hellmonk_temple_of_storms

Skill      XL: |  1  2  3  4  5  6  7  8  9 10 11 |
---------------+----------------------------------+-----
Shields        | 4 5 6 7 |  7.4
Armour         | 4 5 6 8 9 10 12 | 12.3
Fighting       | 4 5 6 7 9 10 | 10.4
Axes           | 3 4 5 6 8 10 12 13 15 | 15.5
Dodging        | 1 2 |  2.3
Stealth        | 1 |  1.7

Action                     |  1- 3 |  4- 6 |  7- 9 | 10-12 || total
---------------------------+-------+-------+-------+-------++-------
  Melee: War axe           |    61 |   114 |   231 |   232 ||   638
         Headbutt          |    11 |    16 |    29 |    54 ||   110
         Executioner's axe |       |       |       |    19 ||    19
 Invoke: Receive Weapon    |       |       |       |     1 ||     1
         Receive Armour    |       |       |       |     1 ||     1
    Use: Scroll            |     4 |     4 |    11 |     5 ||    24
         Potion            |       |     1 |       |     3 ||     4
 Armour: Scale mail        |     7 |       |       |    42 ||    49
         Chain mail        |    24 |    18 |       |       ||    42
         Plate armour      |       |   103 |   210 |   257 ||   570
  Dodge: Dodged            |    27 |    32 |    81 |   102 ||   242
  Block: Buckler           |    13 |    22 |    68 |    59 ||   162
